Map: Eternal Empire LE

Players

Scarlett - Winner!

  • Race: Zerg Zerg
  • Spawn Location: 7:00

Silky

  • Race: Zerg Zerg
  • Spawn Location: 1:00

Event: DreamHack SC2 Masters 2020 Fall

VOD

Have the link to the VOD?

Description

Time

  • Played on: Sept. 11, 2020, 6:15 p.m.
  • Length: 14:34

All games in this series

Show
View Real Time Build Order
Export as new Build Order

Scarlett Zerg - Winner!

Build Orders: Hatch First, Lurkers 

Get SALT Encoding   

  12  0:00  Drone  
  13  0:12  Overlord  
  13  0:16  Drone  
  14  0:30  Drone x2  
  16  0:47  Hatchery  
  15  0:51  Drone  
  15  0:53  Drone  
  17  0:57  Drone  
  18  1:08  Extractor  
  17  1:12  Spawning Pool  
  17  1:15  Drone  
  17  1:19  Drone  
  18  1:27  Drone  
  19  1:39  Drone  
  20  1:49  Drone  
  21  1:59  Queen x2  
  21  2:00  Drone, Overlord  
  26  2:10  Drone x2  
  26  2:12  Metabolic Boost  
  28  2:20  Drone  
  28  2:21  Drone  
  30  2:33  Hatchery  
  30  2:35  Drone  
  30  2:42  Queen  
  32  2:47  Overlord  
  32  2:51  Drone  
  33  2:52  Drone  
  33  2:55  Drone  
  33  2:57  Drone  
  36  3:07  Drone x3, Evolution Chamber  
  38  3:13  Drone x2  
  38  3:18  Zergling x2  
  41  3:21  Overlord  
  41  3:27  Drone  
  42  3:28  Drone  
  42  3:33  Zerg Missile Weapons Level 1  
  43  3:37  Drone  
  43  3:38  Roach Warren  
  43  3:39  Drone x3  
  46  3:49  Drone x4  
  46  3:50  Drone  
  46  3:51  Drone  
  46  3:55  Lair  
  52  3:57  Extractor  
  52  3:58  Extractor  
  52  3:59  Zergling x2  
  52  4:00  Zergling x2  
  52  4:03  Zergling x2  
  52  4:07  Zergling x8  
  57  4:13  Drone x2  
  58  4:21  Drone x2, Overlord  
  58  4:31  Extractor  
  58  4:32  Extractor, Overlord  
  58  4:33  Extractor  
  58  4:34  Drone x3  
  58  4:35  Overlord x2  
  58  4:40  Drone x4  
  58  4:44  Drone, Queen  
  65  4:46  Drone  
  67  4:52  Drone  
  67  4:53  Drone x3  
  67  4:57  Spire  
  67  4:59  Drone  
  64  5:03  Glial Reconstitution  
  64  5:08  Overseer  
  64  5:12  Drone x5  
  69  5:19  Drone x6  
  75  5:24  Roach x2  
  79  5:28  Zerg Missile Weapons Level 2  
  79  5:40  Hatchery  
  78  5:43  Roach x4  
  86  5:50  Drone, Overlord  
  87  5:57  Overlord x2  
  87  6:02  Unknown  
  86  6:04  Drone x3  
  86  6:10  Mutalisk x4  
  97  6:15  Overlord  
  97  6:16  Mutalisk x5  
  107  6:19  Roach  
  107  6:24  Overlord x2  
  111  6:25  Roach  
  111  6:26  Roach  
  111  6:28  Overlord  
  111  6:29  Overlord  
  113  6:36  Roach x3  
  113  6:37  Roach, Overlord  
  121  6:43  Overlord  
  121  6:45  Overlord  
  121  6:48  Roach  
  121  6:49  Roach x3  
  121  6:53  Roach  
  131  6:58  Roach x3  
  137  7:03  Roach x3  
  143  7:09  Roach x6  
  143  7:14  Overlord x2  
  143  7:15  Roach  
  157  7:23  Roach x5  
  157  7:27  Roach  
  169  7:32  Ravager x6  
  169  7:33  Ravager x4  
  179  7:40  Roach x6  
  191  7:45  Zerg Ground Armor Level 1  
  191  8:00  Hydralisk Den  
  191  8:01  Infestation Pit, Overlord  
  184  8:07  Roach x5  
  192  8:20  Pneumatized Carapace  
  192  8:23  Hatchery  
  187  8:31  Roach x6  
  199  8:35  Grooved Spines  
  199  8:37  Lurker Den  
  199  8:38  Hive  
  198  8:43  Spine Crawler  
  198  8:44  Drone x3  
  198  8:49  Overseer  
  198  8:50  Overseer x3  
  198  8:56  Overseer  
  198  9:02  Drone  
  199  9:03  Drone  
  199  9:09  Spine Crawler  
  198  9:16  Drone  
  198  9:17  Drone  
  196  9:38  Overseer  
  196  9:46  Muscular Augments  
  196  9:50  Overlord  
  196  9:55  Overlord  
  196  9:56  Seismic Spines  
  196  10:00  Overlord  
  193  10:13  Hydralisk x5  
  200  10:16  Extractor  
  200  10:18  Spore Crawler  
  200  10:20  Spine Crawler  
  200  10:21  Extractor  
  192  10:22  Zerg Missile Weapons Level 3  
  192  10:24  Evolution Chamber  
  192  10:27  Overseer  
  189  10:33  Hydralisk x5  
  191  10:53  Hydralisk x7, Adaptive Talons  
  191  10:57  Zerg Ground Armor Level 2  
  191  10:58  Tunneling Claws, Burrow  
  191  11:04  Lurker x2  
  191  11:05  Lurker x7  
  191  11:10  Overlord x3  
  200  11:18  Overlord  
  200  11:21  Overseer  
  200  11:22  Overlord x2  
  200  11:33  Overseer  
  197  11:54  Hydralisk  
  197  11:59  Overlord x2  
  197  12:00  Overseer  
  194  12:05  Viper x2  
  200  12:12  Roach x3  
  200  12:22  Hydralisk x2  
  192  12:34  Viper  
  192  12:35  Viper x4  
  192  12:36  Hydralisk x12  
  189  12:44  Roach x2  
  183  12:51  Spine Crawler x2  
  181  13:02  Overseer  
  181  13:13  Hatchery  
  176  13:24  Spore Crawler  
  176  13:25  Spine Crawler  
  176  13:26  Drone x3  
  174  13:41  Lurker x3, Roach x4  
  174  13:42  Lurker x3  
  174  13:43  Hydralisk x10, Spine Crawler, Spore Crawler  
  198  13:51  Unknown  
  198  13:54  Lurker x3, Overlord  
  198  13:55  Overlord x2  
  200  14:05  Overseer  
Show
View Real Time Build Order
Export as new Build Order

Silky Zerg 

Build Orders: Hatch First, Lurkers, Roach Hydra 

Get SALT Encoding   

  12  0:00  Drone  
  13  0:12  Overlord  
  13  0:16  Drone  
  14  0:30  Drone x2  
  16  0:48  Hatchery  
  15  0:51  Drone  
  15  0:55  Drone  
  17  0:58  Drone  
  18  1:09  Extractor  
  17  1:13  Spawning Pool  
  17  1:16  Drone  
  17  1:20  Drone  
  18  1:28  Drone  
  19  1:38  Drone  
  20  1:49  Drone  
  21  1:59  Drone  
  21  2:00  Queen x2, Overlord  
  26  2:09  Metabolic Boost  
  26  2:11  Drone x2  
  28  2:21  Drone x2  
  30  2:33  Hatchery  
  30  2:35  Drone  
  30  2:38  Drone  
  31  2:44  Baneling Nest  
  31  2:46  Overlord  
  31  2:49  Drone  
  31  2:53  Drone  
  31  2:54  Drone  
  33  3:04  Drone x2  
  35  3:05  Queen  
  35  3:10  Zergling x4  
  35  3:12  Zergling x2  
  40  3:14  Zergling x2  
  40  3:18  Drone x2  
  43  3:22  Overlord  
  43  3:26  Drone  
  44  3:30  Baneling  
  44  3:33  Evolution Chamber  
  43  3:36  Overlord  
  43  3:39  Drone  
  43  3:40  Drone  
  45  3:42  Drone x3  
  45  3:47  Overlord  
  45  3:48  Drone  
  49  3:53  Drone x2  
  51  3:59  Zerg Missile Weapons Level 1  
  51  4:00  Roach Warren  
  51  4:01  Zergling x2  
  51  4:02  Zergling x2  
  51  4:04  Drone  
  51  4:07  Drone  
  53  4:14  Drone x3  
  53  4:15  Drone x3  
  58  4:19  Lair  
  58  4:22  Zergling x2  
  58  4:27  Queen  
  58  4:30  Extractor  
  59  4:31  Extractor, Zergling x4  
  59  4:32  Zergling x4  
  59  4:33  Baneling x2  
  59  4:36  Drone x2  
  59  4:37  Drone  
  64  4:39  Drone  
  64  4:41  Overlord  
  65  4:48  Drone x3  
  65  4:49  Overlord  
  70  4:52  Drone x2  
  70  4:53  Drone x2  
  70  4:56  Drone  
  70  4:57  Drone x2  
  74  5:04  Extractor x2, Pneumatized Carapace  
  74  5:05  Drone x2  
  74  5:06  Drone x2  
  76  5:08  Drone x2  
  76  5:11  Extractor  
  76  5:13  Zergling x2  
  78  5:20  Hydralisk Den  
  77  5:22  Drone x3  
  80  5:28  Glial Reconstitution  
  80  5:30  Drone x2  
  80  5:33  Overlord x2  
  80  5:35  Overseer  
  81  5:38  Roach x2  
  81  5:40  Drone  
  81  5:42  Roach x2, Hatchery  
  89  5:49  Overlord  
  88  5:51  Overlord  
  88  5:53  Roach x3  
  94  5:57  Zerg Missile Weapons Level 2  
  94  6:01  Roach x2  
  100  6:04  Roach  
  100  6:05  Queen  
  100  6:08  Drone  
  100  6:09  Spore Crawler  
  100  6:10  Roach  
  100  6:11  Roach  
  106  6:13  Roach x2  
  106  6:17  Queen  
  106  6:18  Lurker Den  
  111  6:23  Queen  
  113  6:25  Drone  
  113  6:26  Drone x3  
  113  6:29  Spore Crawler  
  113  6:32  Grooved Spines  
  116  6:34  Spore Crawler  
  116  6:35  Spore Crawler  
  114  6:43  Queen  
  114  6:44  Spore Crawler  
  114  6:46  Spore Crawler  
  114  6:47  Drone x2  
  116  6:52  Drone x2  
  116  6:53  Spore Crawler  
  114  6:55  Spore Crawler  
  114  6:58  Drone  
  114  6:59  Queen, Spore Crawler  
  115  7:02  Overlord  
  115  7:08  Overlord  
  115  7:09  Roach x2  
  115  7:11  Overlord x2  
  120  7:17  Overlord  
  120  7:21  Hydralisk x4  
  126  7:23  Roach  
  128  7:30  Roach x7  
  128  7:32  Ravager x2  
  144  7:42  Overlord  
  144  7:52  Overlord x2  
  144  7:57  Overseer  
  140  8:11  Overlord x2  
  140  8:12  Lurker x4  
  142  8:14  Hydralisk  
  142  8:15  Roach, Roach Warren  
  145  8:26  Overlord x2  
  145  8:31  Muscular Augments  
  145  8:33  Overlord  
  145  8:37  Hydralisk x8  
  157  9:03  Evolution Chamber  
  157  9:05  Evolution Chamber  
  157  9:06  Lurker x8  
  156  9:17  Lurker, Spore Crawler  
  156  9:21  Infestation Pit  
  156  9:22  Hydralisk x6  
  153  9:45  Hatchery  
  152  9:51  Hydralisk x8  
  168  10:03  Hive  
  168  10:05  Overseer x2  
  166  10:18  Hydralisk  
  166  10:19  Hydralisk x5  
  170  10:33  Drone x2  
  170  10:34  Drone x4  
  166  10:50  Hatchery  
  159  10:57  Lurker  
  159  10:58  Lurker x5  
  159  11:01  Overlord  
  161  11:05  Hatchery  
  161  11:09  Evolution Chamber  
  159  11:13  Lurker x2  
  158  11:20  Drone, Seismic Spines  
  158  11:21  Drone x9  
  168  11:38  Unknown  
  151  11:51  Zerg Missile Weapons Level 3  
  151  11:53  Evolution Chamber  
  139  11:54  Roach x2  
  139  11:55  Roach x10  
  139  11:59  Hydralisk  
  141  12:20  Hydralisk x8  
  150  12:25  Drone x3  
  150  12:29  Hydralisk x2  
  132  12:34  Overseer  
  126  12:49  Hydralisk x8  
  139  12:52  Hatchery  
  139  12:58  Drone x4  
  140  12:59  Queen  
  140  13:03  Adaptive Talons  
  144  13:09  Roach x3  
  150  13:13  Viper  
  141  13:28  Overseer  
  139  13:35  Hydralisk  
  139  13:36  Hydralisk x2, Hatchery  
  139  13:39  Overseer  
  140  13:53  Overseer  
  140  13:54  Hydralisk x2  
  140  13:55  Hydralisk x3  

Tags
 
Add a new tag
Caveats
  • Supply blocks, unpowered buildings, or Contaminate may cause inaccurate times.
  • Supply counts are checked every 10 seconds.